 Dungeon Crawl Stone Soup version 0.25-a0-263-g9d16a9d099 (console) character file.

Game seed: 16341098500056929196, levelgen mode: deterministic

2165 Kagalorn the Grappler (level 9, -13/72 HPs)
             Began as a Minotaur Monk on Dec 7, 2019.
             Was a Believer of Cheibriados.
             Mangled by an orc warrior
             ... wielding a cursed -1 mace
              (21 damage)
             ... on level 7 of the Dungeon.
             The game lasted 00:14:33 (6231 turns).

Kagalorn the Grappler (Minotaur Monk)               Turns: 6231, Time: 00:14:33

Health: -13/72     AC:  7    Str: 28    XL:     9   Next: 10%
Magic:  8/8        EV: 14    Int: 13    God:    Cheibriados [**....]
Gold:   318        SH:  5    Dex: 19    Spells: 8/8 levels left

rFire    + . .     SeeInvis .     - Unarmed
rCold    . . .     Gourm    .   (no shield)
rNeg     . . .     Faith    .   u - +3 leather armour {rF+}
rPois    .         Spirit   .   (helmet restricted)
rElec    .         Reflect  +   v - +0 cloak
rCorr    .         Harm     .   (no gloves)
MR       +....                  (no boots)
Stlth    ++........             z - +5 amulet of reflection
HPRegen  0.22/turn              c - ring of protection from magic
MPRegen  0.11/turn              p - +3 ring of strength

@: very slow
A: retaliatory headbutt, horns 2
a: Bend Time, Renounce Religion


You were on level 7 of the Dungeon.
You worshipped Cheibriados.
Cheibriados was pleased with you.
You were hungry.

You visited 2 branches of the dungeon, and saw 8 of its levels.
You also visited: Sewer.

You collected 318 gold pieces.

Inventory:

Armour
 u - a +3 leather armour of fire resistance (worn)
 v - a +0 cloak (worn)
Jewellery
 c - a ring of protection from magic (left hand)
 p - a +3 ring of strength (right hand)
 z - a +5 amulet of reflection (around neck)
Wands
 y - a wand of polymorph (3)
 A - a wand of digging (6)
Scrolls
 d - 4 scrolls of enchant weapon {unknown}
 f - 2 scrolls of teleportation {unknown}
 g - 5 scrolls of remove curse {unknown}
 i - 2 scrolls of immolation {unknown}
 l - 2 scrolls of fear {unknown}
 m - 2 scrolls of noise {unknown}
 q - 8 scrolls of identify {unknown}
 r - 2 scrolls of enchant armour {unknown}
Potions
 a - 2 potions of magic {unknown}
 e - 2 potions of brilliance {unknown}
 h - 6 potions of curing
 j - a potion of lignification {unknown}
 k - 3 potions of might {unknown}
 n - 4 potions of flight {unknown}
 o - 4 potions of heal wounds {unknown}
 s - a potion of cancellation {unknown}
 t - 2 potions of invisibility {unknown}
 w - a potion of haste {unknown}
 x - a potion of agility {unknown}
Comestibles
 b - 11 rations


   Skills:
 * Level 4.5 Fighting
 * Level 3.5 Armour
 * Level 4.1 Dodging
 - Level 1.5 Stealth
 * Level 12.3 Unarmed Combat


You had 8 spell levels left.
You didn't know any spells.
Your spell library contained the following spells:

 Spells                   Type           Power        Failure   Level  Hunger
 Infusion                 Chrm           #...         34%         1    ##.....
 Shroud of Golubria       Chrm/Tloc      #.....       45%         2    ###....
 Song of Slaying          Chrm           #.......     45%         2    ###....
 Regeneration             Chrm/Necr      #.........   71%         3    ####...
 Spectral Weapon          Hex/Chrm       #.......     71%         3    ####...


Dungeon Overview and Level Annotations

Branches:
Dungeon (7/15)             Temple (1/1) D:5           Sewer (visited)

Altars:
Ashenzari
Cheibriados
Elyvilon
Fedhas
Hepliaklqana
Kikubaaqudgha
Makhleb
Nemelex Xobeh
Okawaru
Qazlal
Ru
Sif Muna
Trog
Uskayaw
Vehumet
Xom
Yredelemnul
The Shining One


Innate Abilities, Weirdness & Mutations

You reflexively headbutt those who attack you in melee.
You have a pair of horns on your head.


Message History

You kill the orc!
Cheibriados appreciates the change of pace.
You barely miss the orc priest. You headbutt the orc priest.
The orc priest is lightly wounded.
You feel sick.
The orc priest hits you but does no damage.
The orc warrior misses you.
You barely miss the orc priest. You punch the orc priest.
The orc priest is lightly wounded.
The orc priest barely misses you.
You punch the orc priest! You headbutt the orc priest.
The orc priest is severely wounded.
The orc warrior closely misses you.
The orc priest calls down the wrath of Beogh upon you.
Beogh smites you!
* * * LOW HITPOINT WARNING * * *
You block the orc priest's attack. You block the orc's attack.
It was a potion of curing.
You feel better.
The orc warrior hits you with a cursed -1 mace!!
You die...

.......).......
#..............
#.##...........
###..#.......#
##........<#
#.........##
#.....##..#
##.......###.#.##
###..#...@o......#
#....#..ooo###....
##..##..#.## .
#.....##.#.#
#....(.....#
##..##......#
#...##.......#
##..###......#
#...# .........


You could see an orc warrior, 2 orc priests and an orc.

Vanquished Creatures
  A hornet (D:7)
  Grinder (Sewer)
  An ice beast (D:6)
  A sky beast (D:7)
  A black bear (D:7)
  A necrophage (Sewer)
  4 phantoms
  An ogre (D:5)
  2 big kobolds (Sewer)
  A bullfrog (D:6)
  2 howler monkeys
  A crimson imp (D:6)
  2 hounds
  A jelly (D:5)
  2 orc wizards
  Ijyb (D:4)
  A bullfrog skeleton (D:5)
  2 worker ants
  Terence (D:1)
  3 big kobold zombies (Sewer)
  A hound skeleton (D:6)
  4 gnolls (D:3)
  11 adders
  A shadow imp (Sewer)
  5 ufetubi (Sewer)
  3 oozes
  2 adder skeletons (D:4)
  3 worms
  2 dart slugs
  4 leopard geckos
  16 orcs
  3 ball pythons
  5 giant cockroaches
  5 goblins
  7 hobgoblins
  7 jackals (D:3)
  2 quokkas
  11 bats
  7 frilled lizards
  A giant cockroach zombie (D:5)
  A jackal skeleton (D:5)
  21 kobolds
  3 kobold zombies (Sewer)
  12 rats
167 creatures vanquished.

Notes
Turn   | Place    | Note
-------+----------+-------------------------------------------
     0 | D:1      | Kagalorn the Minotaur Monk began the quest for the Orb.
     0 | D:1      | Reached XP level 1. HP: 19/19 MP: 0/0
    64 | D:1      | Reached XP level 2. HP: 7/26 MP: 1/1
   555 | D:1      | Reached skill level 4 in Unarmed Combat
  1181 | D:2      | Noticed Terence
  1203 | D:1      | Reached XP level 3. HP: 12/31 MP: 2/2
  1336 | D:1      | Killed Terence
  1336 | D:1      | Reached skill level 5 in Unarmed Combat
  1502 | D:2      | Reached XP level 4. HP: 39/39 MP: 3/3
  1526 | D:2      | Found a white marble altar of Elyvilon.
  1771 | D:2      | Reached skill level 6 in Unarmed Combat
  2124 | D:3      | Reached XP level 5. HP: 43/45 MP: 4/4
  2794 | D:3      | Found a blossoming altar of Fedhas.
  2824 | D:3      | Reached skill level 7 in Unarmed Combat
  3236 | D:4      | Found a radiant altar of Vehumet.
  3236 | D:4      | Found a stormy altar of Qazlal.
  3237 | D:4      | Found a glowing golden altar of the Shining One.
  3238 | D:4      | Found a shimmering blue altar of Sif Muna.
  3248 | D:4      | Noticed Ijyb
  3266 | D:4      | Killed Ijyb
  3361 | D:4      | Reached XP level 6. HP: 50/51 MP: 5/5
  3430 | D:4      | Found a glowing drain.
  3453 | Sewer    | Entered a sewer
  3584 | Sewer    | Reached skill level 8 in Unarmed Combat
  3603 | Sewer    | Found an ancient bone altar of Kikubaaqudgha.
  3626 | Sewer    | Noticed Grinder
  3699 | Sewer    | Reached skill level 9 in Unarmed Combat
  3699 | Sewer    | Reached XP level 7. HP: 38/54 MP: 6/6
  3981 | Sewer    | Paralysed by Grinder for 3 turns
  4032 | Sewer    | Killed Grinder
  4131 | D:4      | Reached skill level 10 in Unarmed Combat
  4538 | D:5      | Entered Level 5 of the Dungeon
  4600 | D:5      | Reached XP level 8. HP: 55/61 MP: 7/7
  4651 | D:5      | Reached skill level 11 in Unarmed Combat
  4661 | D:5      | Found Qyjil's Gadget Emporium.
  4777 | D:5      | Found a staircase to the Ecumenical Temple.
  4792 | Temple   | Entered the Ecumenical Temple
  4881 | Temple   | Became a worshipper of Cheibriados the Contemplative
  4881 | Temple   | Reached * piety under Cheibriados
  4881 | Temple   | Reached ** piety under Cheibriados
  5556 | D:6      | Reached skill level 1 in Armour
  6200 | D:7      | Reached skill level 12 in Unarmed Combat
  6203 | D:7      | Noticed a hornet
  6210 | D:7      | Killed a hornet
  6210 | D:7      | Reached XP level 9. HP: 45/69 MP: 8/8
  6230 | D:7      | HP: 2/69 [orc priest/divine providence (10)]
  6231 | D:7      | Mangled by an orc warrior

Levels and vault maps discovered:
D:1:      lightli_iron_boxes, layout_basic, serial_forest,
          infiniplex_forest_straight_2, infiniplex_forest_end_1,
          infiniplex_forest_lined_corner, infiniplex_forest_end_1,
          infiniplex_forest_corner_2, infiniplex_forest_clump_medium,
          infiniplex_forest_lined_corner
D:2:      layout_loops_ring, nicolae_overflow_crystal_walls, uniq_terence
D:3:      layout_basic, fedhas_altar_2, first_ration
D:4:      layout_rooms, chequers_temple_overflow_statue_of_worship,
          portal_sewer_entry_b, uniq_ijyb
D:5:      layout_basic, minmay_temple_entry_mini_moons, serial_shops,
          nicolae_shop_crystal
D:6:      layout_basic
D:7:      layout_cave_pools, minitemple
Temple:   nicolae_temple_hex_pool

Skill      XL: |  1  2  3  4  5  6  7  8 |
---------------+-------------------------+-----
Unarmed Combat | 4 5 6 7 9 10 12 | 12.3
Armour         | 3 |  3.5
Fighting       | 4 |  4.5
Dodging        | 4 |  4.1
Stealth        | |  1.5

Action                   |  1- 3 |  4- 6 |  7- 9 || total
-------------------------+-------+-------+-------++-------
Melee: Unarmed           |    70 |   221 |   154 ||   445
       Headbutt          |    10 |    31 |    25 ||    66
       Punch             |     1 |     3 |     8 ||    12
Evoke: Wand              |       |       |     2 ||     2
  Use: Potion            |       |       |     1 ||     1
 Stab: Sleeping          |       |     2 |     2 ||     4
  Eat: Chunk             |     2 |     7 |     5 ||    14
Armor: Robe              |     2 |       |       ||     2
       Scale mail        |    24 |    62 |       ||    86
       Leather armour    |       |    20 |    39 ||    59
Dodge: Dodged            |    34 |   117 |    75 ||   226
Block: Other             |       |       |    13 ||    13
       Reflection        |       |       |     1 ||     1

Table legend:
 A = Non-vault XP
 B = Vault XP
 C = Vault XP percentage of total XP
 D = Non-vault monster count
 E = Vault monster count
 F = Vault count percentage of total count
                 A         B        C        D         E       F
            +---------+---------+-------+---------+---------+-------
      Total |    2289 |     805 |  26.0 |     128 |      39 |  23.4
            +---------+---------+-------+---------+---------+-------
        D:1 |      40 |      32 |  44.4 |      17 |       1 |   5.6
        D:2 |     115 |       0 |   0.0 |      27 |       0 |   0.0
        D:3 |     128 |       0 |   0.0 |      35 |       0 |   0.0
        D:4 |     255 |      46 |  15.3 |      11 |       6 |  35.3
        D:5 |     404 |       0 |   0.0 |      17 |       0 |   0.0
        D:6 |     661 |       0 |   0.0 |      16 |       0 |   0.0
        D:7 |     686 |       0 |   0.0 |       5 |       0 |   0.0
      Sewer |       0 |     727 | 100.0 |       0 |      32 | 100.0
            +---------+---------+-------+---------+---------+-------
